 Dungeon Crawl Stone Soup version 0.19.0-24-gb05acd6 (webtiles) character file.

219 patrickswayze the Sneak (level 5, 0/27 HPs)
             Began as a Deep Elf Chaos Knight on Nov 20, 2016.
             Succumbed to a water moccasin's poison
             ... on level 4 of the Dungeon.
             The game lasted 00:05:52 (3356 turns).

patrickswayze the Sneak (Deep Elf Chaos Knight)     Turns: 3356, Time: 00:05:53

Health: 0/27       AC:  6    Str: 13 (14) XL:     5   Next: 63%
Magic:  7/7        EV: 12    Int: 12 (15) God:    Xom [....*.]
Gold:   98         SH:  0    Dex: 11 (15) Spells: 0 memorised, 4 levels left

rFire  + . .     SeeInvis .     a - +1 short sword (chaos)
rCold  . . .     Gourm    .     b - +3 leather armour (curse)
rNeg   . . .     Faith    .     (no shield)
rPois  .         Spirit   .     (no helmet)
rElec  .         Reflect  .     (no cloak)
rCorr  .         Harm     .     (no gloves)
MR     .....                    (no boots)
Stlth  +++.......               (no amulet)
                                (no ring)
                                l - ring of protection from fire

@: mighty, lethally poisoned (0 -> -13), very slightly contaminated, hasted,
very quick
A: deterioration 1, dopey 1, frail 1
a: Renounce Religion


You were on level 4 of the Dungeon.
You worshipped Xom.
You were a beloved toy of Xom.
You were not hungry.

You visited 1 branch of the dungeon, and saw 4 of its levels.

You collected 98 gold pieces.


Innate Abilities, Weirdness & Mutations

Your body sometimes deteriorates upon taking damage.
You are dopey. (Int -2)
You are frail. (-10% HP)


   Skills:
 - Level 2.4 Fighting
 - Level 3.0 Short Blades
 - Level 0.7 Armour
 - Level 2.4 Dodging
 + Level 7.3 Stealth


You had 4 spell levels left.
You didn't know any spells.

Inventory:

Hand Weapons
 a - a +1 short sword of chaos (weapon)
Missiles
 j - 16 stones (quivered)
Armour
 b - a cursed +3 leather armour (worn)
Jewellery
 l - a ring of protection from fire (left hand)
Scrolls
 f - a scroll of noise {unknown}
Potions
 d - a potion of brilliance
 h - 2 potions of agility
Comestibles
 c - 2 bread rations
 g - 3 beef jerkies
 i - a meat ration
 o - a slice of pizza


Message History

You feel your dexterity returning.
Your Stealth skill gained 2 levels and is now at level 7!
You have reached level 5!
* * * LOW HITPOINT WARNING * * *
You feel sick.
Okay, then.
* * * LOW HITPOINT WARNING * * *
You feel sick.
* * * LOW HITPOINT WARNING * * *
You feel sick.
* * * LOW HITPOINT WARNING * * *
You feel sick.
* * * LOW HITPOINT WARNING * * *
You feel sick.
* * * LOW HITPOINT WARNING * * *
You feel sick.
* * * LOW HITPOINT WARNING * * *
You feel sick.
You die...
Xom guffaws!

#....#..##'##.##.~#_#~.###
#.......##)##.###~#'#~.###
...............#.~~.~~....
..............>#)...#.....
...............#....#.....
...............#....#.....
#######.##.##.###..#####.#
.###.....#..####'###...####.#
............@............+...
..................$.#....#...
.?..................#....#... ..
.........#....##...##....###.
............#.#..##...##....####
#...##......#.................#
#...#########.................#
#.................S...........#
'...........#.##..#.####....####


You could see an adder (wandering).

Vanquished Creatures
  A water moccasin (D:4)
  4 adders
  2 oozes (D:1)
  2 worms
  A leopard gecko (D:2)
  5 orcs (D:3)
  2 ball pythons
  6 giant cockroaches
  2 goblins
  6 hobgoblins
  4 jackals (D:1)
  A quokka (D:2)
  7 bats
  A frilled lizard (D:2)
  9 kobolds
  9 rats
62 creatures vanquished.

Vanquished Creatures (collateral kills)
  A goblin (D:2)
  A bat (D:2)
  A kobold (D:2)
  A rat (D:2)
4 creatures vanquished.

Vanquished Creatures (others)
  A hobgoblin (D:3)
1 creature vanquished.

Grand Total: 67 creatures vanquished

Notes
Turn   | Place    | Note
-------+----------+-------------------------------------------
     0 | D:1      | patrickswayze the Deep Elf Chaos Knight began the quest for the Orb.
     0 | D:1      | Reached XP level 1. HP: 13/13 MP: 3/3
    32 | D:1      | Reached skill level 1 in Stealth
    45 | D:1      | XOM: potion effect (brilliance)
    52 | D:1      | XOM: potion effect (haste)
    54 | D:1      | XOM: potion effect (curing)
    60 | D:1      | Reached skill level 2 in Stealth
    64 | D:1      | Reached XP level 2. HP: 18/18 MP: 4/4
   225 | D:1      | XOM: divination: detect creatures
   257 | D:1      | XOM: harmless Air miscast
   355 | D:1      | XOM: harmless Air miscast
   357 | D:1      | XOM: noise
   418 | D:1      | Reached skill level 3 in Stealth
   572 | D:1      | XOM: cast spell 'Summon Butterflies'
   675 | D:1      | Reached XP level 3. HP: 17/22 MP: 5/5
   736 | D:1      | Reached skill level 4 in Stealth
   860 | D:2      | XOM: summons friendly ufetubus
  1033 | D:2      | XOM: cloud trail
  1098 | D:2      | XOM: 1-stop teleportation journey
  1211 | D:2      | XOM: scenery: create altars
  1233 | D:2      | XOM: scenery: create altars
  1342 | D:2      | XOM: 3-stop teleportation journey
  1403 | D:2      | Reached skill level 5 in Stealth
  1403 | D:2      | Reached XP level 4. HP: 27/27 MP: 6/6
  1525 | D:2      | XOM: give mutations
  1525 | D:2      | Gained mutation: You are frail. (-10% HP) [Xom's mischief]
  1525 | D:2      | Gained mutation: You are dopey. (Int -2) [Xom's mischief]
  1525 | D:2      | Gained mutation: Your body sometimes deteriorates upon taking damage. [Xom's mischief]
  1562 | D:2      | Found a deep blue altar of Sif Muna.
  1562 | D:2      | Found a sacrificial altar of Ru.
  1684 | D:3      | XOM: noise
  1706 | D:3      | XOM: potion effect (curing)
  1833 | D:3      | XOM: 10-stop teleportation journey
  1878 | D:3      | Noticed Monkfish's ghost (amateur KoBe)
  1889 | D:3      | XOM: destruction
  1914 | D:3      | XOM: potion effect (haste)
  1946 | D:3      | XOM: summons friendly quasit
  1979 | D:3      | XOM: destruction
  2172 | D:3      | XOM: 4-stop teleportation journey
  2184 | D:3      | XOM: butterfly on damage
  2392 | D:3      | XOM: butterfly on damage
  2870 | D:4      | XOM: medium Hex miscast
  2929 | D:4      | Found Omoim's Serpentskin Sales.
  2929 | D:4      | Noticed a water moccasin
  2929 | D:4      | Noticed a water moccasin
  2934 | D:4      | XOM: noise
  3253 | D:4      | Found a hazy altar of Hepliaklqana.
  3331 | D:4      | XOM: potion effect (might)
  3348 | D:4      | Killed a water moccasin
  3348 | D:4      | Reached skill level 7 in Stealth
  3348 | D:4      | Reached XP level 5. HP: 7/27 MP: 7/7
  3349 | D:4      | HP: 5/27 [poisoned by a water moccasin]
  3354 | D:4      | HP: 2/27 [poisoned by a water moccasin]
  3356 | D:4      | Succumbed to a water moccasin's poison

Vault maps used:
D:1:      minmay_arrival_four_houses, st_stairs_8
D:2:      gammafunk_temple_overflow_elements
D:4:      kennysheep_mini_moat, guppyfry_shop_venom

Action                   |  1- 3 |  4- 6 || total
-------------------------+-------+-------++-------
Melee: Short sword       |   128 |    82 ||   210
  Use: Scroll            |       |    10 ||    10
       Potion            |       |     5 ||     5
 Stab: Sleeping          |     7 |     3 ||    10
  Eat: Chunk             |     2 |     6 ||     8
Armor: Leather armour    |    38 |    16 ||    54
Dodge: Dodged            |    87 |    51 ||   138
